 Dungeon Crawl Stone Soup version 0.29-a0-25-g7f48f510a0 (webtiles) character file.

Game seed: 6990633021855914875

22 Hubjo the Grasshopper (level 2, 0/22 HPs)
             Began as a Vampire Warper on Jan 31, 2022.
             Constricted to death by a ball python (1 damage)
             ... on level 2 of the Dungeon.
             The game lasted 00:04:20 (1111 turns).

Hubjo the Grasshopper (Vampire Warper)              Turns: 1111, Time: 00:04:21

Health: 0/22       AC: 10    Str: 10    XL:     2   Next: 68%
Magic:  5/5        EV:  1    Int: 15    God:
Gold:   39         SH:  0    Dex: 13    Spells: 3/5 levels left

rFire   . . .      SeeInvis +   a - +0 short sword
rCold   . . .      Faith    .   (no shield)
rNeg    . . .      Spirit   .   e - +2 chain mail {rPois}
rPois   +          Reflect  .   (no helmet)
rElec   .          Harm     .   (no cloak)
rCorr   .          Rampage  .   (no gloves)
Will    .....                   (no boots)
Stlth   ..........              (no amulet)
HPRegen 0.27/turn               (no ring)
MPRegen 0.09/turn               (no ring)

@: healing quickly, constricted
A: alive, fangs 3, see invisible, vampiric 1
a: Exsanguinate


You were on level 2 of the Dungeon.
You visited 1 branch of the dungeon, and saw 2 of its levels.

You collected 39 gold pieces.

Inventory:

Hand Weapons
 a - a +0 short sword (weapon)
Missiles
 d - 5 boomerangs of dispersal (quivered)
Armour
 b - a +0 leather armour
 e - a +2 chain mail of poison resistance (worn)
Scrolls
 c - a scroll of blinking
 f - a scroll of identify


   Skills:
 + Level 2.2 Fighting
 + Level 2.5 Short Blades
 + Level 0.7 Throwing
 + Level 1.0 Armour
 + Level 2.2 Dodging
 + Level 2.0 Spellcasting
 + Level 2.7 Translocations


You had 3 spell levels left.
You knew the following spells:

 Your Spells              Type           Power      Damage    Failure   Level
a - Blink                 Tloc           18%        N/A       100%        2

Your spell library contained the following spells:

 Spells                   Type           Power      Damage    Failure   Level
 Gell's Gravitas          Tloc           9%         N/A       100%        3
 Lesser Beckoning         Tloc           9%         N/A       100%        3
 Swiftness                Air            1%         N/A       100%        3
 Teleport Other           Tloc           9%         N/A       100%        3
 Manifold Assault         Tloc           9%         N/A       100%        5
 Conjure Ball Lightning   Conj/Air       0%         3x3d6     100%        6
 Maxwell's Capacitive Co  Air            0%         ∞         100%        8


Dungeon Overview and Level Annotations

Branches:
Dungeon (2/15)

Altars:


Innate Abilities, Weirdness & Mutations

Your natural rate of healing is accelerated.
You have razor-sharp teeth.
You have supernaturally acute eyesight. (SInv)
You are afflicted with vampirism.


Message History

The ball python bites you. The goblin hits you but does no damage.
You hit the ball python.
The ball python is moderately wounded.
The frilled lizard bites you.
The ball python bites you but does no damage.
The ball python constricts you. The adder bites you but does no damage.
The ball python bites you but does no damage.
The goblin hits you but does no damage.
Casting: Blink (potentially lethal; 100% risk of failure)
Confirm with . or Enter, or press ? or * to list all spells.
It is impossible to cast this spell (100% risk of failure)!
Unknown command.
Okay, then.
As you read the scroll labelled NASHU OMETIU, it crumbles to dust.
It is a scroll of identify.
You don't have any unidentified items.
The ball python bites you but does no damage.
The ball python constricts you.
The frilled lizard bites you but does no damage.
The adder bites you but does no damage.
The ball python bites you but does no damage.
The goblin completely misses you. The ball python bites you.
The ball python constricts you.
You hit the ball python.
You kill the ball python!
The adder completely misses you. The frilled lizard bites you.
* * * LOW HITPOINT WARNING * * *
The ball python barely misses you. x2
The quokka bites you but does no damage.
The goblin hits you but does no damage. The adder bites you but does no damage.
The quokka bites you.
* * * LOW HITPOINT WARNING * * *
The ball python bites you but does no damage.
The ball python grabs you. The ball python constricts you.
The frilled lizard bites you.
* * * LOW HITPOINT WARNING * * *
The quokka bites you but does no damage.
The ball python bites you but does no damage.
The ball python constricts you.
You die...

......... ## ...
........ .# .... #
#.....###.#.....
#.##......<.......
##.#...............
+...>..............
##.......#......##
#....r†.+........
...#.gS@.##......##
.......Sl...........
...................#
###................
................
.................
.................
......##.........


You could see an adder, a quokka, a goblin, a ball python and a frilled lizard.

Vanquished Creatures
  A dart slug (D:1)
  4 endoplasms (D:1)
  A goblin (D:1)
  2 hobgoblins (D:1)
  2 quokkas
  A ball python (D:2)
  3 frilled lizards (D:1)
  A kobold (D:1)
  5 rats (D:1)
20 creatures vanquished.

Notes
Turn   | Place    | Note
-------+----------+-------------------------------------------
     0 | D:1      | Hubjo the Vampire Warper began the quest for the Orb.
     0 | D:1      | Reached XP level 1. HP: 16/16 MP: 3/3
   200 | D:1      | Reached XP level 2. HP: 22/22 MP: 5/5
   203 | D:1      | Learned a level 2 spell: Blink
   500 | D:1      | Got the Guide on Lightness
   544 | D:1      | Reached skill level 1 in Armour
  1111 | D:2      | HP: 1/22 [frilled lizard (1)]
  1111 | D:2      | Constricted to death by a ball python

Illustrated notes

Levels and vault maps discovered:
D:1:      nicolae_arrival_somewhat_less_tricky_arrival, layout_basic,
          hangedman_decor_peaks_small
D:2:      layout_basic, basic_altar, minmay_misc_feat_encased, uniq_terence

Skill      XL: |  1  2 |
---------------+-------+-----
Fighting       | 2 |  2.2
Armour         | 1 |  1.0
Short Blades   | |  2.5
Throwing       | |  0.7
Dodging        | |  2.2
Spellcasting   | |  2.0
Translocations | |  2.7

Action                   || total
-------------------------++-------
Melee: Short sword       ||    65
       Bite              ||    10
       Punch             ||     1
  Use: Scroll            ||     3
Armor: Leather armour    ||    10
       Chain mail        ||    41
Dodge: Dodged            ||    30

Table legend: (Time is in decaauts)
 A = Elapsed time spent in this place.
 B = Non-inter-level travel time spent in this place.
 C = Inter-level travel time spent in this place.
 D = Time resting spent in this place.
 E = Time spent auto-exploring this place.
 F = Levels seen in this place.
 G = Mean time per level.
                   A        B        C        D        E       F      G
               +--------+--------+--------+--------+--------+-----+--------+
         Total |   1109 |    955 |    154 |      0 |    775 |   2 |  554.5 |
       Dungeon |   1109 |    955 |    154 |      0 |    775 |   2 |  554.5 |
               +--------+--------+--------+--------+--------+-----+--------+

Top non-repeatable levels by time:
     D:1: 1086 daAuts
     D:2: 22 daAuts
